 Dungeon Crawl Stone Soup version 0.27-a0-1529-g1e82c303ef (webtiles) character file.

Game seed: 14660761757091089433

3 flotson the Sneak (level 1, -4/18 HPs)
             Began as a Demigod Delver on July 11, 2021.
             Slain by Edmund (5 damage)
             ... on level 4 of the Dungeon.
             The game lasted 00:00:22 (100 turns).

flotson the Sneak (Demigod Delver)                   Turns: 100, Time: 00:00:23

Health: -4/18      AC:  3    Str: 13    XL:     1   Next: 33%
Magic:  3/3        EV: 12    Int: 12    God:
Gold:   15         SH:  0    Dex: 15    Spells: 0/0 levels left

rFire    . . .     SeeInvis .   a - +0 hand axe
rCold    . . .     Faith    .   (no shield)
rNeg     . . .     Spirit   .   b - +0 leather armour
rPois    .         Reflect  .   (no helmet)
rElec    .         Harm     .   (no cloak)
rCorr    .         Rampage  .   (no gloves)
Will     .....                  (no boots)
Stlth    +++.......             (no amulet)
HPRegen  0.06/turn              (no ring)
MPRegen  0.08/turn              (no ring)

@: hasted, very quick
A: high mp 1, forlorn
a: no special abilities


You were on level 4 of the Dungeon.
You visited 1 branch of the dungeon, and saw 2 of its levels.

You collected 15 gold pieces.

Inventory:

Hand Weapons
 a - a +0 hand axe (weapon)
Armour
 b - a +0 leather armour (worn)
Wands
 g - a wand of digging (3)
Scrolls
 c - 2 scrolls of fog
 d - a scroll of magic mapping
 e - a scroll of fear


   Skills:
 + Level 2.7 Fighting
 + Level 1.8 Axes
 + Level 0.2 Armour
 + Level 1.8 Dodging
 - Level 4.5 Stealth


You couldn't memorise any spells.
You didn't know any spells.
Your spell library was empty.

Dungeon Overview and Level Annotations

Branches:
Dungeon (5/15)
 Temple: D:4-7

Annotations:
D:4 Edmund
D:5 Sigmund


Innate Abilities, Weirdness & Mutations

Your attributes grow dramatically as you level up.
You have an increased reservoir of magic. (+10% MP)
You shall have no god before yourself.


Message History

No target in view!
No target in view!
No target in view!
No target in view!
HP restored.
You now have 15 gold pieces (gained 7).
c - 2 scrolls of fog (gained 1)
An iguana comes into view.
The iguana moves out of view.
Unknown command.
Edmund the Younger comes into view.
He is wielding a +0 flail of protection.
Found 20 stones.
Edmund shouts!
Found 10 gold pieces.
You hit Edmund.
Edmund is lightly wounded.
Edmund hits you with a +0 flail of protection!
Edmund barely misses you.
You hit Edmund but do no damage.
Edmund is lightly wounded.
Edmund says, "You wouldn't believe how much I paid for this flail."
Edmund barely misses you.
You barely miss Edmund.
Edmund is lightly wounded.
Edmund hits you with a +0 flail of protection.
You are too injured to fight recklessly!
You are too injured to fight recklessly!
You feel yourself speed up.
Edmund hits you with a +0 flail of protection.
* * * LOW HITPOINT WARNING * * *
You hit Edmund but do no damage.
Edmund is lightly wounded.
Edmund hits you with a +0 flail of protection.
* * * LOW HITPOINT WARNING * * *
You hit Edmund but do no damage.
Edmund is lightly wounded.
You barely miss Edmund.
Edmund is lightly wounded.
Edmund hits you with a +0 flail of protection.
You die...

...# #..# ##
#l.# .
#####.##..#
... ... #.#..#
.....#.###...#
#....#.##.#
##.##.###.# #
#.# #@# #.#
#@# #.# ...
#>##.#.. #.##(
.#. ..### ##$#
.... # ##.#.
#. .#


You could see Edmund and an iguana.

Vanquished Creatures
  An adder skeleton (D:4)
1 creature vanquished.

Notes
Turn   | Place    | Note
-------+----------+-------------------------------------------
     0 | D:5      | flotson the Demigod Delver began the quest for the Orb.
     0 | D:5      | Reached XP level 1. HP: 18/18 MP: 3/3
    41 | D:5      | Noticed Sigmund
    89 | D:4      | Noticed an iguana
    90 | D:4      | Noticed Edmund
   100 | D:4      | Slain by Edmund

Illustrated notes

Levels and vault maps discovered:
D:4:      kb_forest_paths, layout_loops_ring, uniq_edmund
D:5:      layout_basic, lightli_sewer_entry_pipes, uniq_crazy_yiuf_cottage,
          uniq_sigmund, uniq_ijyb

Action                   || total
-------------------------++-------
Melee: Hand axe          ||    10
  Use: Potion            ||     1
Armor: Leather armour    ||     1
Dodge: Dodged            ||     5

Table legend: (Time is in decaauts)
 A = Elapsed time spent in this place.
 B = Non-inter-level travel time spent in this place.
 C = Inter-level travel time spent in this place.
 D = Time resting spent in this place.
 E = Time spent auto-exploring this place.
 F = Levels seen in this place.
 G = Mean time per level.
                   A        B        C        D        E       F      G
               +--------+--------+--------+--------+--------+-----+--------+
         Total |    100 |     91 |      9 |      0 |     70 |   2 |   50.0 |
       Dungeon |    100 |     91 |      9 |      0 |     70 |   2 |   50.0 |
               +--------+--------+--------+--------+--------+-----+--------+

Top non-repeatable levels by time:
     D:5: 52 daAuts
     D:4: 48 daAuts
